AoeStats
← 517000417

Arabian Desert

510537867Analyzed
1v1 RM · 1d ago on Oct 1, 2026· 49m 34s· 2 players
Game mode
Random Map
Map size
Tiny (2 player)
Population
200
Speed
Normal
Resources
Standard
Victory
Conquest
Starting age
Dark Age
Ending age
Imperial Age
RankedLock teamsTeams togetherTeam positionsShared explorationLock speedFull tech treeHidden civsTurbo modeCheats
Victory
Defeat
🇨🇳 Japanese · China
764
+16
🇨🇿 Britons · Czechia
768
-16
517000417
10:03 Feudal Age
11:30 Man-at-Arms
19:11 Gold Mining
22:07 Castle Age
21:24 Padded Archer Armor
21:15 Fletching
21:24 Double-Bit Axe
22:48 Wheelbarrow
25:38 Leather Archer Armor
27:59 Stone Mining
28:08 Bodkin Arrow
29:06 Long Swordsman
30:10 Bow Saw
30:31 Thumb Ring
31:16 Gold Shaft Mining
33:47 Elite Skirmisher
34:22 Horse Collar
36:22 Town Watch
40:52 Imperial Age
38:53 Town Patrol
39:00 Town Patrol
39:21 Hand Cart
39:13 Scale Mail Armor
40:10 Squires
39:55 Gambesons
39:56 Arson
41:51 Chain Mail Armor
42:07 Ring Archer Armor
41:39 Bracer
41:45 Two-Handed Swordsman
43:41 Chemistry
43:07 Champion
47:05 Forging
49:37 Conscription
49:37 Kataparuto
Tomo1853
0:28 Loom
14:13 Feudal Age
24:27 Castle Age
35:01 Horse Collar
38:11 Imperial Age
35:49 Gold Mining
36:33 Heavy Plow
35:59 Elite Skirmisher
37:04 Fletching
38:15 Arson
38:49 Stone Mining
38:53 Town Watch
39:48 Padded Archer Armor
40:52 Double-Bit Axe
42:42 Conscription
42:40 Bow Saw
42:27 Bodkin Arrow
43:39 Wheelbarrow
45:30 Chemistry
44:26 Murder Holes
47:07 Gold Shaft Mining
46:39 Bracer
46:55 Leather Archer Armor
Connection lost

Rejoining the realm…

Still unreachable

The connection could not be restored.

Session expired

The server has moved on; the page needs a fresh start.